AoeStats
← Cherfe Unai

Four Lakes

509976838Analyzed
1v1 RM · 4d ago on Sep 28, 2026· 35m 42s· 2 players
Game mode
Random Map
Map size
Tiny (2 player)
Population
200
Speed
Normal
Resources
Standard
Victory
Conquest
Starting age
Dark Age
Ending age
Imperial Age
RankedLock teamsTeams togetherTeam positionsShared explorationLock speedFull tech treeHidden civsTurbo modeCheats
Victory
Defeat
🇩🇪 Varangians · Germany
1079
+15
🇦🇷 Inca · Argentina
1047
-15
Cherfe Unai
6:12 Loom
9:27 Feudal Age
10:15 Double-Bit Axe
22:52 Castle Age
21:21 Scale Mail Armor
21:32 Forging
21:18 Horse Collar
21:13 Champi Runner
23:50 Chain Mail Armor
23:33 Arson
23:09 Champi Warrior
23:15 Champi Warrior
24:57 Iron Casting
33:56 Wheelbarrow
34:44 Squires
Fänncy
8:44 Loom
11:37 Feudal Age
12:09 Double-Bit Axe
12:08 Fishing Lines
13:00 Horse Collar
16:14 Bloodlines
21:57 Castle Age
20:04 Fletching
21:09 Padded Archer Armor
22:17 Stone Mining
22:23 Gold Mining
23:04 Bow Saw
22:57 Heavy Plow
23:33 Bodkin Arrow
25:42 Gillnets
26:59 Scale Barding Armor
27:43 Husbandry
30:25 Forging
31:45 Iron Casting
32:06 Stone Shaft Mining
34:53 Wheelbarrow
34:07 Town Watch
35:29 Chain Barding Armor
34:32 Vendel Legacy
Connection lost

Rejoining the realm…

Still unreachable

The connection could not be restored.

Session expired

The server has moved on; the page needs a fresh start.